 Dungeon Crawl Stone Soup version 0.29.0-13-gc9e81de378 (webtiles) character file.

Game seed: 3307462069047696537

375 ragingrage the Chopper (level 6, -6/50 HPs)
             Began as a Palentonga Fighter on Sept 11, 2022.
             Was a Follower of Uskayaw.
             Mangled by a mummy (10 damage)
             ... in an ossuary.
             The game lasted 00:03:17 (3567 turns).

ragingrage the Chopper (Palentonga Fighter)         Turns: 3567, Time: 00:03:18

Health: -6/50      AC:  6    Str: 27    XL:     6   Next: 44%
Magic:  6/6        EV:  7    Int:  8    God:    Uskayaw [*.....]
Gold:   183        SH:  4    Dex: 10    Spells: 5/5 levels left

rFire   . . .      SeeInvis +   a - +0 broad axe
rCold   . . .      Faith    .   c - +0 buckler
rNeg    . . .      Spirit   .   b - +0 scale mail
rPois   +          Reflect  .   (no helmet)
rElec   .          Harm     .   (no cloak)
rCorr   .          Rampage  .   (no gloves)
Will    +....                   (no barding)
Stlth   ..........              r - amulet of the acrobat
HPRegen 0.16/turn               l - ring of Temox {rPois Will+ Str+4}
MPRegen 0.10/turn               (no ring)

@: marked
A: large, rugged brown scales 3, see invisible, deformed body, roll 1, armoured
tail
a: Rolling Charge, Renounce Religion, Stomp


You were in an ossuary.
You worshipped Uskayaw.
Uskayaw was noncommittal.
You visited 1 branch of the dungeon, and saw 4 of its levels.
You also visited: Ossuary.

You collected 183 gold pieces.

Inventory:

Hand Weapons
 a - a +0 broad axe (weapon)
Missiles
 k - 5 poisoned darts
Armour
 b - a +0 scale mail (worn)
 c - a +0 buckler (worn)
 j - a +0 leather armour of fire resistance
Jewellery
 i - a ring of ice
 l - the ring of Temox (left hand) {rPois Will+ Str+4}
   (You found it on level 2 of the Dungeon)

   [ring of willpower]

   Str:       It affects your strength (+4).
   rPois:     It protects you from poison.
   Will:      It increases your willpower.
 r - an amulet of the acrobat (around neck)
 t - an amulet of reflection
Scrolls
 e - 2 scrolls of torment {unknown}
 f - a scroll of enchant weapon {unknown}
 g - 4 scrolls of teleportation {unknown}
 n - 2 scrolls of fear {unknown}
 p - 3 scrolls of noise
 q - 2 scrolls of poison {unknown}
 s - 2 scrolls of identify {unknown}
 v - 2 scrolls of fog {unknown}
 x - a scroll of brand weapon {unknown}
 y - a scroll of blinking {unknown}
Potions
 d - a potion of might
 h - a potion of ambrosia {unknown}
 m - 2 potions of heal wounds {unknown}
 o - 2 potions of curing {unknown}
 u - a potion of attraction {unknown}
 w - a potion of haste {unknown}
 z - a potion of cancellation {unknown}
 A - a potion of lignification {unknown}


   Skills:
 - Level 3.0 Fighting
 + Level 7.0 Axes
 - Level 2.4 Armour
 - Level 2.6 Shields


You had 5 spell levels left.
You didn't know any spells.
Your spell library contained the following spells:

 Spells                   Type           Power      Damage    Failure   Level
 Passage of Golubria      Tloc           0%         N/A       100%        4
 Silence                  Hex/Air        0%         N/A       100%        5
 Lehudib's Crystal Spear  Conj/Erth      0%         10d2      100%        8


Dungeon Overview and Level Annotations

Branches:
Dungeon (4/15)            Ossuary (1/1)
 Temple: D:4-7

Altars:
Uskayaw

Shops:
D:3 ([:


Innate Abilities, Weirdness & Mutations

You are completely covered in rugged brown scales. (AC +3, +7% HP)
You have supernaturally acute eyesight. (SInv)
Armour fits poorly on your strangely shaped body.
You can roll at nearby foes to attack.
You have a long armoured tail.


Message History

No target in view!
There is an open door here.
You open the door. 2 mummies come into view.
Found a viscous green potion.
There are monsters nearby!
No reachable target in view!
No reachable target in view!
Found a scroll of noise and a fuming amethyst potion.
There is an open door here.
You swing at nothing.
The mummy pulls the alarm!
The alarm trap emits a blaring wail!
A sentinel's mark forms upon you.
You hit the mummy.
The mummy is lightly damaged.
The mummy hits you!
You completely miss the mummy.
The mummy is lightly damaged.
You barely miss the mummy.
The mummy is lightly damaged.
The mummy completely misses you.
You barely miss the mummy.
The mummy is lightly damaged.
The mummy hits you!
You completely miss the mummy.
The mummy is lightly damaged.
The mummy hits you!
You slash the mummy! You tail-slap the mummy!
The mummy is almost destroyed.
You completely miss the mummy.
The mummy is almost destroyed.
The mummy hits you!
You hit the mummy.
You destroy the mummy!
Your Axes skill increases to level 7!
You swing at nothing.
You barely miss the mummy. The mummy hits you!
* * * LOW HITPOINT WARNING * * *
You barely miss the mummy. The mummy hits you!
You die...

### ##.## .!!
##### ..? #...#
#.# #!..# #M#
##.## ###@###
#.### ##.....##
##.'.#
##.......###..###
#.........#...'.#
+....⌠....'...###
#.........#...'.#
##.......###..###
##.....## ##.'.#
###'### #.###


You could see a mummy.

Vanquished Creatures
  A centaur zombie (Ossuary)
  A gnoll bouda (D:4)
  A jelly (D:3)
  A human zombie (Ossuary)
  An iguana (D:4)
  An orc wizard (D:3)
  3 mummies
  4 gnolls (D:4)
  5 adders
  A worm (D:4)
  2 orcs
  6 ball pythons
  7 endoplasms
  2 giant cockroaches (D:4)
  6 goblins
  9 hobgoblins
  14 jackals
  2 quokkas
  4 bats (D:1)
  3 frilled lizards
  6 kobolds
  2 orc zombies (Ossuary)
  5 rats
87 creatures vanquished.

Vanquished Creatures (others)
  A plant (D:4)
1 creature vanquished.

Grand Total: 88 creatures vanquished

Notes
Turn   | Place    | Note
-------+----------+-------------------------------------------
     0 | D:1      | ragingrage the Palentonga Fighter began the quest for the
                  | Orb.
     0 | D:1      | Reached XP level 1. HP: 19/19 MP: 1/1
    78 | D:1      | Reached XP level 2. HP: 25/25 MP: 2/2
    83 | D:1      | Found a faded altar of an unknown god.
    90 | D:1      | Reached skill level 3 in Axes
   579 | D:1      | Reached XP level 3. HP: 31/31 MP: 3/3
  1102 | D:2      | Identified the ring of Temox {rPois Will+ Str+4}
  1249 | D:2      | Reached skill level 4 in Axes
  1432 | D:2      | Reached XP level 4. HP: 36/37 MP: 4/4
  1962 | D:3      | Found a hide-covered altar of Uskayaw.
  2114 | D:3      | Reached skill level 5 in Axes
  2126 | D:3      | Became a worshipper of Uskayaw the Reveller
  2266 | D:3      | Found Adocegupt's Book Emporium.
  2409 | D:3      | Reached * piety under Uskayaw
  2413 | D:3      | Reached ** piety under Uskayaw
  2414 | D:3      | Reached XP level 5. HP: 34/43 MP: 5/5
  2499 | D:3      | Found Rucyng's Weapon Shop.
  2712 | D:3      | Found Seit's Antique Armour Shop.
  2980 | D:4      | Reached *** piety under Uskayaw
  2981 | D:4      | Reached skill level 6 in Axes
  2982 | D:4      | Reached **** piety under Uskayaw
  2985 | D:4      | HP: 2/43 [iguana (6)]
  2986 | D:4      | Reached ***** piety under Uskayaw
  2987 | D:4      | Reached XP level 6. HP: 3/50 MP: 6/6
  3049 | D:4      | Found a sand-covered staircase.
  3054 | D:4      | HP: 2/50 [mummy (2)]
  3331 | Ossuary  | Entered an ossuary
  3565 | Ossuary  | Reached skill level 7 in Axes
  3567 | Ossuary  | Mangled by a mummy

Illustrated notes

Levels and vault maps discovered:
D:1:      onia_arrival_pyramid, layout_basic,
          hellmonk_ecumenical_altar_dog_temple, minmay_3d_cube
D:2:      layout_basic
D:3:      layout_loops_ring, eat_drink_and_be_merry_uskayaw, serial_shops,
          nicolae_shop_behind_doors, nicolae_shop_statue_plus, shop
D:4:      corexii_shack_village, layout_loops_corners,
          nicolae_qazlal_scattered_showers, gup_ossuary_entry_pyramid,
          st_stairs_9, minmay_misc_feat_tower
Ossuary:  ossuary_crypta

Skill      XL: |  1  2  3  4  5  6 |
---------------+-------------------+-----
Axes           | 3 4 5 6 7 |  7.0
Fighting       | |  3.0
Armour         | |  2.4
Shields        | |  2.6

Action                   |  1- 3 |  4- 6 || total
-------------------------+-------+-------++-------
Melee: War axe           |   106 |    14 ||   120
       Tailslap          |     8 |    12 ||    20
       Broad axe         |       |    95 ||    95
 Abil: Rolling Charge    |    10 |    11 ||    21
  Use: Potion            |       |     1 ||     1
 Stab: Paralysed         |       |     1 ||     1
Armor: Scale mail        |    50 |    39 ||    89
Dodge: Dodged            |    49 |    32 ||    81
Block: Buckler           |    26 |    16 ||    42
